 Dungeon Crawl Stone Soup version 0.31-b1-20-g67cafac56d (webtiles) character file.

Game seed: 10103836359868978816

34 groovy9 the Sneak (level 3, 25/25 HPs)
             Began as a Gnoll Wanderer on Jan 18, 2024.
             Quit the game on level 1 of the Dungeon.
             The game lasted 00:04:52 (1132 turns).

groovy9 the Sneak (Gnoll Wanderer)                  Turns: 1132, Time: 00:04:52

Health: 25/25      AC:  7    Str: 11    XL:     3   Next: 31%
Magic:  9/9        EV:  8    Int: 10    God:
Gold:   54         SH:  0    Dex: 14    Spells: 11/12 levels left

rFire   . . .        k - +0 short sword (speed)
rCold   . . .        (no shield)
rNeg    . . .        e - +0 scale mail
rPois   .            a - +0 helmet
rElec   .            (no cloak)
rCorr   .            (no gloves)
SInv    .            (no boots)
Will    .....        (no amulet)
Stlth   ++           (no ring)
HPRegen 0.24/turn    (no ring)
MPRegen 0.11/turn

%: no passive effects
@: no status effects
A: fangs 1, strong nose, distributed training
a: no special abilities


You were on level 1 of the Dungeon.
You visited 1 branch of the dungeon, and saw 1 of its levels.

You collected 54 gold pieces.

Inventory:

Hand Weapons
 k - a +0 short sword of speed (weapon)
Armour
 a - a +0 helmet (worn)
 b - a +0 helmet
 d - a +0 robe
 e - a +0 scale mail (worn)
Jewellery
 f - an amulet of magic regeneration
 j - an amulet of guardian spirit
Scrolls
 c - a scroll of teleportation
 g - a scroll of amnesia {unknown}
 h - a scroll of fear {unknown}


   Skills:
 + Level 0.8 Fighting
 + Level 4.5 Short Blades
 + Level 0.8 Long Blades
 + Level 0.8 Axes
 + Level 0.8 Maces & Flails
 + Level 0.8 Polearms
 + Level 0.8 Staves
 + Level 0.8 Ranged Weapons
 + Level 0.8 Throwing
 + Level 0.8 Armour
 + Level 0.8 Dodging
 + Level 6.0 Stealth
 + Level 0.8 Shields
 + Level 0.8 Unarmed Combat
 + Level 5.0 Spellcasting
 + Level 5.4 Conjurations
 + Level 0.5 Hexes
 + Level 0.5 Summonings
 + Level 0.5 Necromancy
 + Level 0.5 Translocations
 + Level 0.5 Fire Magic
 + Level 0.5 Ice Magic
 + Level 0.5 Air Magic
 + Level 0.5 Earth Magic
 + Level 0.5 Alchemy
 + Level 1.0 Invocations
 + Level 0.8 Evocations
 + Level 0.7 Shapeshifting


You had 11 spell levels left.
You knew the following spells:

 Your Spells              Type           Power      Damage    Failure   Level
a - Magic Dart            Conj           52%        1d5       16%         1

Your spell library contained the following spells:

 Spells                   Type           Power      Damage    Failure   Level
 Searing Ray              Conj           26%        2d5       22%         2
 Sandblast                Erth           6%         2d5       73%         1
 Stone Arrow              Conj/Erth      16%        3d8       77%         3
 Passwall                 Erth           3%         N/A       97%         3
 Brom's Barrelling Bould  Conj/Erth      8%         2d3       99%         4
 Flame Wave               Conj/Fire      8%         2d5       99%         4


Dungeon Overview and Level Annotations

Branches:
Dungeon (1/15)

Altars:


Innate Abilities, Weirdness & Mutations

You have very sharp teeth.
Your uncanny sense of smell can sniff out nearby items.
Your experience applies equally to all skills.


Message History

The magic dart hits the giant cockroach.
The giant cockroach is severely wounded.
Casting: Magic Dart (safe; 2% risk of failure)
Confirm with . or Enter, or press ? or * to list all spells.
Aiming: Magic Dart (safe; 2% risk of failure)
Press: ? - help, Shift-Dir - straight line, f/p - giant cockroach
Aim: a giant cockroach (severely wounded, 100% to hit)
The magic dart hits the giant cockroach but does no damage.
The giant cockroach is severely wounded.
Casting: Magic Dart (safe; 2% risk of failure)
Confirm with . or Enter, or press ? or * to list all spells.
Aiming: Magic Dart (safe; 2% risk of failure)
Press: ? - help, Shift-Dir - straight line, f/p - giant cockroach
Aim: a giant cockroach (severely wounded, 100% to hit)
You miscast Magic Dart.
You are very lightly contaminated with residual magic.
Nothing appears to happen.
Casting: Magic Dart (safe; 2% risk of failure)
Confirm with . or Enter, or press ? or * to list all spells.
Aiming: Magic Dart (safe; 2% risk of failure)
Press: ? - help, Shift-Dir - straight line, f/p - giant cockroach
Aim: a giant cockroach (severely wounded, 100% to hit)
The magic dart hits the giant cockroach.
You kill the giant cockroach!
Your Invocations skill increases to level 1!
Your magical contamination has completely faded away.
You see here a +0 helmet.
Done exploring.
Search for what [? for help]? armor You see here a +0 helmet.
a - a +0 helmet You start removing your armour.
You continue taking off your +0 helmet. x4
You finish taking off your +0 helmet.
You start putting on your armour.
You continue putting on your +0 helmet. x5
You finish putting on your +0 helmet.
Search for what [Enter for "armor", or ? for help]? armor You start putting on your armour.
You continue putting on your +0 scale mail. x4
You finish putting on your +0 scale mail.
Are you sure you want to abandon this character and quit the game? (Confirm with "yes".)

# #................#
#######.......##########
........#...#.# ............#.#
..#########.#.# #
............#.## #
...............## #
......<.....#.#.## #
............#.##@####### #
..............##.......##########
..#########.####.#####...........
............###.## ############
.#####..####...## .# #[........##
.# #.####..### .# #)# #..#
######## .# #.# #..# #..>...#


There were no monsters in sight!

Vanquished Creatures
  A dart slug (D:1)
  2 ball pythons (D:1)
  An endoplasm (D:1)
  2 giant cockroaches (D:1)
  A goblin (D:1)
  5 hobgoblins (D:1)
  4 jackals (D:1)
  4 bats (D:1)
  3 kobolds (D:1)
  5 rats (D:1)
28 creatures vanquished.

Notes
Turn   | Place    | Note
-------+----------+-------------------------------------------
     0 | D:1      | groovy9 the Gnoll Wanderer began the quest for the Orb.
     0 | D:1      | groovy9 set off with the following items: a +0 short sword,
                  | a +0 helmet, a scroll of teleportation, a +0 robe; and the
                  | following spell memorised: Magic Dart; and the following
                  | spells available to memorise: Searing Ray, Flame Wave.
     0 | D:1      | Reached XP level 1. HP: 13/13 MP: 6/6
   171 | D:1      | Reached XP level 2. HP: 13/19 MP: 1/7
   507 | D:1      | Reached skill level 5 in Spellcasting
   507 | D:1      | Reached XP level 3. HP: 25/25 MP: 6/9
   693 | D:1      | Reached skill level 6 in Stealth
   955 | D:1      | Reached skill level 1 in Invocations
  1132 | D:1      | Quit the game

Illustrated notes

Levels and vault maps discovered:
D:1:      minmay_arrival_semitransparent, layout_loops_ring

Skill      XL: |  1  2  3 |
---------------+----------+-----
Spellcasting   | 5 |  5.0
Stealth        | 6 |  6.0
Invocations    | 1 |  1.0
Fighting       | |  0.8
Short Blades   | |  4.5
Long Blades    | |  0.8
Axes           | |  0.8
Maces & Flails | |  0.8
Polearms       | |  0.8
Staves         | |  0.8
Ranged Weapons | |  0.8
Throwing       | |  0.8
Armour         | |  0.8
Dodging        | |  0.8
Shields        | |  0.8
Unarmed Combat | |  0.8
Conjurations   | |  5.4
Hexes          | |  0.5
Summonings     | |  0.5
Necromancy     | |  0.5
Translocations | |  0.5
Fire Magic     | |  0.5
Ice Magic      | |  0.5
Air Magic      | |  0.5
Earth Magic    | |  0.5
Alchemy        | |  0.5
Evocations     | |  0.8
Shapeshifting  | |  0.7

Action                     || total
---------------------------++-------
  Melee: Short sword       ||     6
         Hand axe          ||    10
   Cast: Magic Dart        ||    44
 Armour: Skin              ||     9
  Dodge: Dodged            ||    12
